 Dungeon Crawl Stone Soup version 0.31-a0-204-g7da18cac08 (webtiles) character file.

Game seed: 12421303757827684060

42 qw the Shooter (level 3, -2/20 HPs)
             Began as a Deep Elf Hunter on June 27, 2023.
             Slain by a kobold
             ... wielding a +2 short sword of venom
              (3 damage)
             ... on level 2 of the Dungeon.
             The game lasted 00:00:22 (680 turns).

qw the Shooter (Deep Elf Hunter)                     Turns: 680, Time: 00:00:23

Health: -2/20      AC:  5    Str: 10    XL:     3   Next: 35%
Magic:  5/5        EV: 11    Int: 13    God:
Gold:   53         SH:  0    Dex: 18    Spells: 2/2 levels left

rFire   . . .        Y - +0 shortbow
rCold   . . .        (shield currently unavailable)
rNeg    . . .        d - +0 ring mail
rPois   .            (no helmet)
rElec   .            (no cloak)
rCorr   .            (no gloves)
SInv    .            (no boots)
Will    .....        (no amulet)
Stlth   +            (no ring)
HPRegen 0.23/turn    (no ring)
MPRegen 0.09/turn

%: no passive effects
@: lethally poisoned (-2 -> -18), about to teleport
A: no striking features
a: no special abilities


You were on level 2 of the Dungeon.
You visited 1 branch of the dungeon, and saw 2 of its levels.

You collected 53 gold pieces.


   Skills:
 - Level 1.5 Fighting
 + Level 6.9 Ranged Weapons
 - Level 2.4 Dodging
 - Level 1.2 Stealth


You had 2 spell levels left.
You didn't know any spells.
Your spell library was empty.

Inventory:

Hand Weapons
 Y - a +0 shortbow (weapon)
Armour
 d - a +0 ring mail (worn)
Potions
 e - a potion of degeneration {unknown}
 h - a potion of mutation {unknown}
 i - a potion of might {unknown}
 k - a potion of attraction {unknown}

Dungeon Overview and Level Annotations

Branches:
Dungeon (2/15)

Altars:


Message History

A kobold comes into view.
It is wielding a +2 short sword of venom.
You shoot an arrow. The arrow hits the endoplasm.
The endoplasm is almost dead.
The endoplasm barely misses you.
The kobold throws a stone.
The stone closely misses you. The endoplasm closely misses you.
You shoot an arrow. The arrow hits the endoplasm!
You kill the endoplasm!
The adder bites you but does no damage.
You shoot an arrow.
The arrow hits the adder but does no damage.
The adder is heavily wounded.
The adder closely misses you.
You shoot an arrow.
The arrow hits the adder but does no damage.
The adder is heavily wounded.
The adder barely misses you. The adder bites you but does no damage.
You shoot an arrow. The arrow hits the adder.
You kill the adder!
You shoot an arrow. The arrow closely misses the kobold.
The kobold hits you with a +2 whip of venom.
You are poisoned.
The kobold hits you with a +2 short sword of venom.
You shoot an arrow. The arrow closely misses the kobold.
You feel very sick. The kobold barely misses you. x2
The kobold hits you with a +2 whip of venom.
You are lethally poisoned!
The kobold closely misses you.
You shoot an arrow. The arrow barely misses the kobold.
You feel very sick.
The kobold hits you with a +2 whip of venom.
You are more poisoned.
The kobold closely misses you.
680 ||| READING scroll of teleportation.
As you read the scroll of teleportation, it crumbles to dust.
You feel strangely unstable.
You feel very sick. The kobold closely misses you.
The kobold hits you with a +2 short sword of venom.
You die...

...... ....
...#.. ....
...... .....
.... .....
....## ......
#.#..##......
#.##.$K......
####.#..@K......
#..<...##.......
#.....##.###
....... #.###
#.# ....... #..
....... #.##
#.#.### ..# .#.#
#.# .. . ...


You could see 2 kobolds.

Vanquished Creatures
  An adder (D:2)
  A dart slug (D:1)
  2 bats (D:1)
  5 endoplasms
  A giant cockroach (D:1)
  2 goblins (D:1)
  5 hobgoblins (D:1)
  2 jackals (D:1)
  4 ball pythons (D:1)
  3 frilled lizards
  A kobold (D:1)
  3 rats (D:1)
30 creatures vanquished.

Notes
Turn   | Place    | Note
-------+----------+-------------------------------------------
     0 | D:1      | qw the Deep Elf Hunter began the quest for the Orb.
     0 | D:1      | Reached XP level 1. HP: 12/12 MP: 3/3
     0 | D:1      | 0 ||| qw: Version: 0.3-a-22-g0ed2b0b
     0 | D:1      | 0 ||| qw: Game counter: 6626
     0 | D:1      | 0 ||| qw: Melee chars always use a shield: true
     0 | D:1      | 0 ||| qw: God list: Okawaru
     0 | D:1      | 0 ||| qw: Allow faded altars: false
     0 | D:1      | 0 ||| qw: Do Orc after clearing Dungeon:15 true
     0 | D:1      | 0 ||| qw: Do second Lair branch before Depths: true
     0 | D:1      | 0 ||| qw: Lair rune preference: random
     0 | D:1      | 0 ||| qw: Goals: Normal
     0 | D:1      | 0 ||| PLANNING D:1-11
   122 | D:1      | HP: 3/12 [hobgoblin (4)]
   130 | D:1      | HP: 3/12 [giant cockroach (1)]
   132 | D:1      | Reached skill level 6 in Ranged Weapons
   132 | D:1      | Reached XP level 2. HP: 5/16 MP: 4/4
   257 | D:1      | Found a faded altar of an unknown god.
   371 | D:1      | 371 ||| FLEEEEING.
   459 | D:1      | Reached XP level 3. HP: 13/20 MP: 5/5
   613 | D:1      | 613 ||| UPGRADING to +0 ring mail.
   623 | D:1      | 623 ||| DROPPING +0 leather armour.
   624 | D:1      | 624 ||| DROPPING +6 ring of intelligence.
   625 | D:1      | 625 ||| READING scroll labelled JUWKOEKHO IMOR.
   626 | D:1      | 626 ||| READING 2 scrolls labelled RATEDE WUTETI.
   630 | D:1      | 630 ||| DROPPING scroll of butterflies.
   679 | D:2      | HP: 5/20 [kobold/+2 whip of venom (1)]
   680 | D:2      | 680 ||| READING scroll of teleportation.
   680 | D:2      | HP: 1/20 [poisoned by a kobold]
   680 | D:2      | Slain by a kobold

Levels and vault maps discovered:
D:1:      tarquinn_simple_flora_water_c, layout_rooms,
          nicolae_ecumenical_snake_handling, nicolae_wormholes
D:2:      kennysheep_the_goblin_king, layout_rooms, minmay_tiny_reverse_x

Skill      XL: |  1 |
---------------+----+-----
Ranged Weapons | 6 |  6.9
Fighting       | |  1.5
Dodging        | |  2.4
Stealth        | |  1.2

Action                     || total
---------------------------++-------
   Fire: Shortbow          ||    88
    Use: Scroll            ||     3
 Armour: Leather armour    ||     9
         Ring mail         ||     2
  Dodge: Dodged            ||    44

Table legend:
 A = Non-vault XP
 B = Vault XP
 C = Vault XP percentage of total XP
 D = Non-vault monster count
 E = Vault monster count
 F = Vault count percentage of total count
                 A         B        C        D         E       F
            +---------+---------+-------+---------+---------+-------
      Total |      60 |       1 |   1.6 |      29 |       1 |   3.3
            +---------+---------+-------+---------+---------+-------
        D:1 |      43 |       1 |   2.3 |      25 |       1 |   3.8
        D:2 |      17 |       0 |   0.0 |       4 |       0 |   0.0
            +---------+---------+-------+---------+---------+-------
